 Dungeon Crawl Stone Soup version 0.25.1-2-g60ff931df9 (webtiles) character file.

Game seed: 9216438322451794558

12632 Johnny the Geomancer (level 11, -1/74 HPs)
             Began as a Demigod Earth Elementalist on Oct 3, 2020.
             Slain by an unseen horror (8 damage)
             ... on level 12 of the Dungeon.
             The game lasted 00:19:40 (17135 turns).

Johnny the Geomancer (Demigod Earth Elementalist)  Turns: 17135, Time: 00:19:41

Health: -1/74      AC: 10    Str: 11    XL:     11   Next: 38%
Magic:  16/28      EV: 10    Int: 25    God:
Gold:   572        SH:  9    Dex: 16    Spells: 8/28 levels left

rFire    . . .     SeeInvis .   v - +2 dagger (venom)
rCold    . . .     Gourm    .   P - +0 buckler
rNeg     . . .     Faith    .   g - +2 ring mail {MR+}
rPois    .         Spirit   .   (no helmet)
rElec    .         Reflect  +   n - scarf {repulsion}
rCorr    .         Harm     .   A - +0 pair of gloves
MR       ++...                  I - +1 pair of boots {Stlth+}
Stlth    ++........             N - amulet of reflection
HPRegen  0.22/turn              s - ring of flight
MPRegen  0.21/turn              (no ring)

@: repel missiles
A: high mp 1
a: Evoke Flight


You were on level 12 of the Dungeon.
You were very hungry.

You visited 1 branch of the dungeon, and saw 12 of its levels.

You collected 782 gold pieces.
You spent 210 gold pieces at shops.

Inventory:

Hand Weapons
 c - a +2 whip of draining
 v - a +2 dagger of venom (weapon)
 z - a +5 dagger of freezing
Missiles
 b - 285 stones (quivered)
 E - a throwing net
Armour
 g - a +2 ring mail of magic resistance (worn)
 n - a scarf of repulsion (worn)
 A - a +0 pair of gloves (worn)
 I - a +1 pair of boots of stealth (worn)
 P - a +0 buckler (worn)
Magical Staves
 y - an uncursed staff of conjuration
 D - an uncursed staff of earth {unknown}
Jewellery
 k - an uncursed ring of fire
 s - a ring of flight (left hand)
 N - an amulet of reflection (around neck)
Wands
 o - a wand of paralysis (4)
 p - a wand of polymorph (10)
 q - a wand of digging (2)
 K - a wand of random effects (16)
Scrolls
 e - a scroll of amnesia
 f - a scroll of noise {unknown}
 i - 7 scrolls of remove curse
 r - 6 scrolls of teleportation
 t - 3 scrolls of blinking
 w - a scroll of vulnerability {unknown}
 x - 2 scrolls of enchant armour
 B - a scroll of torment {unknown}
 C - 3 scrolls of fog
 G - 2 scrolls of magic mapping
 L - a scroll of silence
 M - a scroll of identify
Potions
 a - a potion of magic
 h - a potion of brilliance
 j - a potion of berserk rage
 l - 2 potions of stabbing
 m - 2 potions of heal wounds
 u - 2 potions of cancellation
 F - a potion of curing
 H - a potion of flight {unknown}
 J - 2 potions of degeneration {unknown}
Comestibles
 d - 21 rations


   Skills:
 - Level 1.7 Dodging
 - Level 1.7 Stealth
 + Level 0.1 Shields
 + Level 9.4 Spellcasting
 - Level 0.8 Transmutations
 * Level 13.8 Earth Magic


You had 8 spell levels left.
You knew the following spells:

 Your Spells              Type           Power        Failure   Level  Hunger
a - Sandblast             Erth           ######       1%          1    None
b - Stone Arrow           Conj/Erth      #####.       3%          3    None
c - Lee's Rapid Deconstr  Erth           ######....   1%          5    ####...
d - Passwall              Tmut/Erth      #####...     1%          2    None
e - Petrify               Tmut/Erth      #####...     11%         4    #......
f - Mephitic Cloud        Conj/Pois/Air  ##......     54%         3    None
g - Blink                 Tloc           N/A          32%         2    None

Your spell library contained the following spells:

 Spells                   Type           Power        Failure   Level  Hunger
 Animate Skeleton         Necr           N/A          22%         1    None
 Apportation              Tloc           ##....       22%         1    None
 Corona                   Hex            ##.....      22%         1    None
 Freeze                   Ice            ##..         22%         1    None
 Magic Dart               Conj           ##..         22%         1    None
 Shock                    Conj/Air       ##..         22%         1    None
 Summon Small Mammal      Summ           ##..         22%         1    None
 Call Imp                 Summ           ##......     32%         2    None
 Slow                     Hex            ##......     32%         2    None
 Swiftness                Chrm/Air       ##......     32%         2    None
 Call Canine Familiar     Summ           ##......     54%         3    None
 Conjure Flame            Conj/Fire      ##......     54%         3    None
 Frozen Ramparts          Ice            ##....       54%         3    None
 Ozocubu's Armour         Chrm/Ice       ##......     54%         3    None
 Static Discharge         Conj/Air       ##......     54%         3    None
 Summon Guardian Golem    Hex/Summ       ##......     54%         3    None
 Airstrike                Air            ##........   91%         4    #......
 Hailstorm                Conj/Ice       ##......     91%         4    #......
 Summon Ice Beast         Ice/Summ       ##......     91%         4    #......
 Summon Lightning Spire   Summ/Air       ##......     91%         4    #......
 Lightning Bolt           Conj/Air       ##........   99%         5    ####...


Dungeon Overview and Level Annotations

Branches:
Dungeon (12/15)            Temple (0/1) D:4            Lair (0/6) D:11
    Orc (0/2) D:11

Shops:
D:6 }   D:9 [   D:10 [   D:12 [

Annotations:
D:8 Gastronok


Innate Abilities, Weirdness & Mutations

You have an increased reservoir of magic. (+10% MP)


Message History

Something hits you. Something hits you but does no damage. Something hits you!
Something hits you!
Evoke which item? (* to show all) (? for menu, Esc to quit)
Aiming: Dig
Press: ? - help, Shift-Dir - straight line A rock wall.
The rock shatters into small pieces.
You block something's attack. Something hits you. You block something's attack.
Something hits you!
* * * LOW HITPOINT WARNING * * *
Something hits you!
* * * LOW HITPOINT WARNING * * *
You block something's attack. Something hits you.
* * * LOW HITPOINT WARNING * * *
Something hits you!
You die...

#...........########.........#...
#.##........# #.#.......#...
#.##..####### #.#.......#...
#.##..# #.#.......'... #.##..#
#.........#... #.##..#
#.........#### #.##..#
#.........#... #.##..#
########.........#... #.##..#
#...@............#... #.....#
########.........#... #.....#
###########'####... #'#####
#.....#.........^.. ......#
#.....#............ ......#
#..)..#............ ......#
#.....#......>..... ......#
#.#...'............
......##......#.....#............


There were no monsters in sight!

Vanquished Creatures
  A hydra (D:11)
  A two-headed ogre (D:12)
  A tengu warrior (D:12)
  Nergalle (D:11)
  An orc knight (D:11)
  Pikel (D:8)
  An ugly thing (D:11)
  A manticore (D:11)
  2 gargoyles
  2 trolls
  A centaur simulacrum (D:12)
  2 dream sheep (D:11)
  3 hippogriffs
  A vampire (D:12)
  Sigmund (D:5)
  2 yaks (D:11)
  Eustachio (D:4)
  A hungry ghost (D:11)
  Menkaure (D:5)
  2 soldier ants
  An acid dragon (D:12)
  2 swamp worms (D:10)
  A slave (D:8)
  4 ice beasts
  6 orc warriors
  A tengu (shapeshifter) (D:12)
  A necrophage (D:8)
  2 phantoms
  3 ogres
  3 centaurs
  5 big kobolds
  3 bullfrogs
  A wyvern zombie (D:8)
  A water moccasin zombie (D:6)
  6 killer bees (D:10)
  2 scorpions
  4 electric eels (D:7)
  5 wights (D:9)
  A howler monkey (D:5)
  5 crimson imps
  A bullfrog zombie (D:5)
  6 hounds
  7 orc priests
  4 jellies
  A gnoll shaman (D:9)
  2 bullfrog skeletons
  An iron imp (D:3)
  10 orc wizards
  3 centaur skeletons
  3 iguanas
  Terence (D:3)
  8 worker ants
  A hound skeleton (D:6)
  A howler monkey zombie (D:5)
  3 gnolls (D:9)
  9 adders
  5 shadow imps
  2 worms
  4 dart slugs
  4 leopard geckos
  35 orcs
  5 giant cockroaches
  7 hobgoblins
  2 jackals (D:4)
  13 kobolds
  3 quokkas
  3 ball pythons
  6 bats
  2 frilled lizards
  9 goblins
  3 rats (D:2)
  A plant (D:10)
249 creatures vanquished.

Vanquished Creatures (others)
  3 slaves (D:8)
  An iguana (D:8)
  A worker ant zombie (D:8)
  An adder (D:8)
  2 orcs
  2 jackals (D:8)
  A plant (D:10)
11 creatures vanquished.

Grand Total: 260 creatures vanquished

Notes
Turn   | Place    | Note
-------+----------+-------------------------------------------
     0 | D:1      | Johnny the Demigod Earth Elementalist began the quest for
                  | the Orb.
     0 | D:1      | Reached XP level 1. HP: 14/14 MP: 5/5
   204 | D:1      | Reached skill level 3 in Earth Magic
   374 | D:1      | Reached XP level 2. HP: 7/20 MP: 0/7
  1627 | D:2      | Reached XP level 3. HP: 22/26 MP: 9/9
  2029 | D:2      | Noticed a +0 dagger
  2030 | D:2      | Noticed a +0 dagger
  2033 | D:2      | Found a hide-covered altar of Uskayaw.
  2240 | D:2      | Reached skill level 4 in Earth Magic
  2251 | D:2      | HP: 1/26 [poisoned by an adder]
  2769 | D:2      | Found an iron altar of Okawaru.
  2772 | D:2      | Found a glowing silver altar of Zin.
  2775 | D:2      | Found a glowing golden altar of the Shining One.
  2778 | D:2      | Found a hazy altar of Hepliaklqana.
  3090 | D:3      | Noticed Terence
  3132 | D:3      | Killed Terence
  3132 | D:3      | Reached XP level 4. HP: 23/33 MP: 3/10
  3234 | D:3      | Noticed Grinder
  3254 | D:3      | HP: 1/33 [poisoned by an adder]
  3652 | D:3      | Noticed Grinder
  3652 | D:3      | Grinder changed into Grinder the iron imp
  3662 | D:3      | Killed Grinder the iron imp
  4059 | D:3      | Found an ornate altar of the Wu Jian Council.
  4275 | D:4      | Reached XP level 5. HP: 32/38 MP: 9/12
  4347 | D:4      | Found a staircase to the Ecumenical Temple.
  4378 | D:4      | Reached skill level 5 in Earth Magic
  5160 | D:4      | Found a snail-covered altar of Cheibriados.
  5277 | D:4      | Found a blossoming altar of Fedhas.
  5279 | D:4      | Noticed Eustachio
  5285 | D:4      | Killed Eustachio
  5285 | D:4      | Reached XP level 6. HP: 44/45 MP: 7/14
  5391 | D:5      | Entered Level 5 of the Dungeon
  5400 | D:5      | Learned a level 3 spell: Stone Arrow
  5406 | D:5      | Learned a level 5 spell: Lee's Rapid Deconstruction
  5449 | D:5      | Reached skill level 6 in Earth Magic
  5583 | D:5      | Reached XP level 7. HP: 50/50 MP: 6/16
  5670 | D:5      | Noticed Ijyb
  5672 | D:5      | Paralysed by Ijyb for 2 turns
  5677 | D:5      | Noticed Ijyb
  5677 | D:5      | Ijyb changed into Ijyb the centaur
  5686 | D:5      | Killed Ijyb the centaur
  5696 | D:5      | Reached skill level 7 in Earth Magic
  5893 | D:5      | Learned a level 2 spell: Passwall
  6087 | D:5      | Noticed Menkaure
  6093 | D:5      | Killed Menkaure
  6972 | D:5      | Noticed Sigmund
  6984 | D:5      | Killed Sigmund
  6984 | D:5      | Reached skill level 5 in Spellcasting
  6984 | D:5      | Reached skill level 8 in Earth Magic
  6984 | D:5      | Reached XP level 8. HP: 29/57 MP: 7/19
  7953 | D:6      | Found Oschag's Gadget Shop.
  8339 | D:7      | Found a shimmering altar of Xom.
  8340 | D:7      | Found a shimmering altar of Xom.
  8340 | D:7      | Found a shimmering altar of Xom.
  8340 | D:7      | Found a shimmering altar of Xom.
  8340 | D:7      | Found a shimmering altar of Xom.
  8341 | D:7      | Found a shimmering altar of Xom.
  8343 | D:7      | Found a shimmering altar of Xom.
  8555 | D:7      | Reached skill level 9 in Earth Magic
  8896 | D:7      | Noticed a hippogriff
  8902 | D:7      | Killed a hippogriff
  9302 | D:7      | Found a shadowy altar of Dithmenos.
  9824 | D:8      | Noticed Pikel
  9829 | D:8      | Found the +6 shillelagh "Devastator" {shatter}
  9842 | D:8      | Killed Pikel
  9842 | D:8      | Reached skill level 10 in Earth Magic
  9842 | D:8      | Reached XP level 9. HP: 50/62 MP: 1/22
 10077 | D:8      | Noticed Gastronok
 10079 | D:8      | Noticed a two-headed ogre
 11030 | D:9      | Found a radiant altar of Vehumet.
 11163 | D:9      | Found a burning altar of Makhleb.
 11229 | D:9      | Learned a level 4 spell: Petrify
 11233 | D:9      | Learned a level 3 spell: Mephitic Cloud
 11573 | D:9      | Found Tinodo's Armour Emporium.
 11649 | D:9      | Reached skill level 11 in Earth Magic
 11742 | D:9      | Learned a level 2 spell: Blink
 12029 | D:8      | Found a basalt altar of Yredelemnul.
 12114 | D:10     | Entered Level 10 of the Dungeon
 12364 | D:10     | Found Boenkoit's Antique Armour Shoppe.
 12738 | D:10     | Bought a pair of runed boots for 210 gold pieces
 12769 | D:10     | Reached XP level 10. HP: 69/69 MP: 12/25
 13972 | D:11     | Noticed a red ugly thing
 13981 | D:11     | Killed a red ugly thing
 13981 | D:11     | Reached skill level 12 in Earth Magic
 14267 | D:11     | Noticed Nergalle
 14314 | D:11     | Killed Nergalle
 14547 | D:11     | Found a roughly hewn altar of Beogh.
 14550 | D:11     | Noticed an orc knight
 14598 | D:11     | Killed an orc knight
 14890 | D:11     | Found a staircase to the Orcish Mines.
 15089 | D:11     | Found a staircase to the Lair.
 15091 | D:11     | Noticed a manticore
 15105 | D:11     | Killed a manticore
 15115 | D:11     | Noticed a two-headed hydra
 15122 | D:11     | Killed a two-headed hydra
 15122 | D:11     | Reached skill level 13 in Earth Magic
 15122 | D:11     | Reached XP level 11. HP: 63/74 MP: 5/28
 15816 | D:12     | Found Sampoivus's Antique Armour Shoppe.
 15848 | D:12     | Found a sparkling altar of Nemelex Xobeh.
 15886 | D:12     | Noticed a two-headed ogre
 15890 | D:12     | Killed a two-headed ogre
 16638 | D:12     | Noticed a tengu warrior
 16839 | D:12     | Killed a tengu warrior
 17135 | D:12     | Slain by an unseen horror

Illustrated notes

Levels and vault maps discovered:
D:1:      sevenhm_arrival_forest_fort_small_4, layout_loops_corners,
          nrook_mini_backslash, minmay_pentomino_w4
D:2:      wander_river, layout_basic, dancing_weapons_uskayaw,
          grunt_temple_overflow_cloverleaf, first_ration, serial_glass,
          glass_columns_a, glass_columns_b, minmay_strange_pillars,
          feat_on_display, feat_on_display, item_on_display_a
D:3:      layout_basic, lemuel_doored_altar, uniq_grinder, uniq_terence
D:4:      layout_basic, fedhas_altar_3, kennysheep_slug_shrine,
          minmay_temple_entry_slanted, uniq_eustachio
D:5:      layout_cave_pods, uniq_sigmund, uniq_ijyb, uniq_menkaure
D:6:      layout_rooms, serial_shops, kennysheep_mini, st_stairs_11
D:7:      layout_loops_ring, xom_shifter_show, kennysheep_little_box,
          serial_bayou, serial_bayou_ford_a, serial_bayou_pond_c,
          serial_bayou_pond_a, serial_bayou_crossing
D:8:      layout_basic, yredelemnul_altar_generic, nrook_mini_vaults,
          uniq_gastronok, uniq_pikel
D:9:      layout_long_grid, nicolae_overflow_crystal_walls, marbit_many_paths,
          serial_shops, shop
D:10:     layout_basic, serial_shops, shop, worms_lemuel
D:11:     layout_loops_cross, lair_entry_dummy, david_orc_5, hangedman_ranch
          [blue_anna_fruit_fields], uniq_nergalle
D:12:     minmay_chambers_of_sixes, layout_stronghold, serial_shops, shop,
          basic_altar

Skill      XL: |  1  2  3  4  5  6  7  8  9 10 11 |
---------------+----------------------------------+-----
Spellcasting   | 2 3 4 5 6 7 8 9 |  9.4
Earth Magic    | 3 4 5 6 8 10 11 13 | 13.8
Dodging        | |  1.7
Stealth        | |  1.7
Shields        | |  0.1
Transmutations | |  0.8

Action                   |  1- 3 |  4- 6 |  7- 9 | 10-12 || total
-------------------------+-------+-------+-------+-------++-------
Melee: Unarmed           |    28 |       |       |       ||    28
       Dagger            |   117 |    36 |   118 |    85 ||   356
       Shillelagh        |       |       |    17 |       ||    17
 Cast: Sandblast         |    34 |    58 |    88 |    72 ||   252
       Stone Arrow       |       |       |    52 |    21 ||    73
       Passwall          |       |       |     2 |       ||     2
       Lee's Rapid Decon |       |       |     8 |    36 ||    44
       Mephitic Cloud    |       |       |       |     5 ||     5
       Petrify           |       |       |       |     2 ||     2
Evoke: Wand              |       |     1 |     9 |    29 ||    39
  Use: Potion            |       |     7 |     1 |     2 ||    10
       Scroll            |       |     2 |    12 |     3 ||    17
 Stab: Sleeping          |     2 |     2 |     2 |     3 ||     9
       Paralysed         |       |       |       |     3 ||     3
       Distracted        |       |       |       |     1 ||     1
       Confused          |       |       |       |     1 ||     1
  Eat: Chunk             |     7 |     4 |    18 |    16 ||    45
       Ration            |       |     1 |     2 |     1 ||     4
Armor: Robe              |    25 |    16 |    18 |     8 ||    67
       Skin              |       |       |       |     7 ||     7
       Ring mail         |       |       |       |    26 ||    26
Dodge: Dodged            |   112 |    53 |   118 |    52 ||   335
       Repelled          |     2 |     3 |       |     8 ||    13
Block: Buckler           |       |       |       |     5 ||     5
       Other             |       |       |       |     5 ||     5
       Reflection        |       |       |       |     1 ||     1
